 Dungeon Crawl Stone Soup version 0.31-a0-431-g88bdf31460 (webtiles) character file.

Game seed: 5365139424859989095

186807 randomguy2701 the Slayer (level 17, -4/174 HPs)
             Began as a Minotaur Fighter on July 31, 2023.
             Was a High Priest of Okawaru.
             Succumbed to a reaper's poison
             ... on level 3 of the Abyss.
             The game lasted 01:44:37 (30757 turns).

randomguy2701 the Slayer (Minotaur Fighter)        Turns: 30757, Time: 01:44:38

Health: -4/174     AC: 39    Str: 25    XL:     17   Next: 85%
Magic:  23/23      EV: 15    Int: 10    God:    Okawaru [*****.]
Gold:   2510       SH: 14    Dex: 24    Spells: 16/16 levels left

rFire   + . .        T - +4 falchion of Mucviph {holy, Dex+8}
rCold   . . .        c - +3 buckler
rNeg    . . .        y - +5 plate armour "Gaguaxt" {rF+ Will+}
rPois   .            (helmet restricted)
rElec   +            b - +2 cloak
rCorr   .            X - +0 pair of gloves of Iqamaot {rElec Int+5}
SInv    +            O - +2 pair of boots
Will    ++...        U - amulet of Vitality {RegenMP++ Regen++} Stlth
                     e - ring "Jinuiweo" {Dex+2 SInv}
HPRegen 0.00/turn    J - +4 ring of protection
MPRegen 0.98/turn

%: no passive effects
@: lethally poisoned (-4 -> -39), heroic, sick
A: horns 2, retaliatory headbutt
a: Renounce Religion, Heroism, Finesse, Duel


You were on level 3 of the Abyss.
You worshipped Okawaru.
Okawaru was extremely pleased with you.
You visited 8 branches of the dungeon, and saw 29 of its levels.
You visited the Abyss 2 times.
You also visited: Sewer and Ossuary.

You collected 2510 gold pieces.

Inventory:

Hand Weapons
 r - a +2 longbow of flaming
 T - the +4 falchion of Mucviph (weapon) {holy, Dex+8}
   (Okawaru gifted it to you on level 10 of the Dungeon)

   Dex:       It affects your dexterity (+8).
 V - the +6 orcbow of Law {freeze, rElec Will+ Dex-2}
   (You found it on level 5 of the Lair of Beasts)

   Dex:       It affects your dexterity (-2).
   rElec:     It insulates you from electricity.
   Will:      It increases your willpower.
Missiles
 d - 15 javelins
 W - 7 atropa-tipped darts
Armour
 b - a +2 cloak (worn)
 c - a +3 buckler (worn)
 y - the +5 plate armour "Gaguaxt" (worn) {rF+ Will+}
   (You found it on level 5 of the Dungeon)

   rF:        It protects you from fire.
   Will:      It increases your willpower.
 O - a +2 pair of boots (worn)
 X - the +0 pair of gloves of Iqamaot (worn) {rElec Int+5}
   (Okawaru gifted it to you on level 2 of the Lair of Beasts)

   Int:       It affects your intelligence (+5).
   rElec:     It insulates you from electricity.
Jewellery
 e - the ring "Jinuiweo" (left hand) {Dex+2 SInv}
   (You found it on level 2 of the Spider Nest)

   [ring of see invisible]

   Dex:       It affects your dexterity (+2).
   SInv:      It lets you see invisible.
 q - a ring of see invisible
 J - a +4 ring of protection (right hand)
 K - a +6 ring of dexterity
 L - a ring of positive energy
 Q - a ring of protection from fire
 R - a ring of flight
 U - the amulet of Vitality (around neck) {RegenMP++ Regen++}
   (You found it on level 10 of the Dungeon)

   [amulet of magic regeneration]

   It increases your rate of magic regeneration.
   Regen:     It increases your rate of health regeneration.
Wands
 w - a wand of flame (14)
 x - a wand of mindburst (8)
 C - a wand of quicksilver (9)
 I - a wand of digging (17)
 N - a wand of paralysis (22)
 P - a wand of polymorph (12)
Scrolls
 a - a scroll of amnesia {unknown}
 f - 3 scrolls of vulnerability {unknown}
 g - 5 scrolls of blinking
 i - 5 scrolls of silence {unknown}
 m - a scroll of brand weapon {unknown}
 s - a scroll of torment {unknown}
 u - 8 scrolls of teleportation
 v - 4 scrolls of immolation
 D - 3 scrolls of fog {unknown}
 E - a scroll of summoning {unknown}
 F - 2 scrolls of enchant weapon {unknown}
 G - 2 scrolls of revelation {unknown}
 M - 3 scrolls of poison {unknown}
 S - 7 scrolls of identify
 Y - 6 scrolls of fear {unknown}
Potions
 h - 6 potions of brilliance
 j - 2 potions of resistance
 k - 3 potions of ambrosia
 l - 2 potions of cancellation
 n - 5 potions of mutation
 o - 2 potions of enlightenment
 p - 2 potions of curing
 t - 7 potions of attraction
 z - 5 potions of invisibility
 A - 3 potions of berserk rage
 B - 5 potions of haste
 H - 5 potions of lignification
 Z - 3 potions of might


   Skills:
 * Level 21.6(26.6) Fighting
 + Level 18.2(23.2) Long Blades
 + Level 7.3(12.3) Ranged Weapons
 + Level 17.1(22.1) Armour
 + Level 5.3(10.3) Dodging
 - Level 0.3(5.3) Stealth
 + Level 17.6(22.6) Shields
 + Level 9.6 Invocations
 + Level 7.4 Evocations


You had 16 spell levels left.
You didn't know any spells.
Your spell library contained the following spells:

 Spells                   Type           Power      Damage    Failure   Level
 Blink                    Tloc           0%         N/A       95%         2
 Cigotuvi's Dreadful Rot  Necr/Pois/Air  0%         N/A       95%         2
 Lesser Beckoning         Tloc           0%         N/A       95%         2
 Momentum Strike          Conj/Tloc      0%         3d8       95%         2
 Scorch                   Fire           0%         2d5       95%         2
 Static Discharge         Conj/Air       0%         2-2/arc   95%         2
 Dazzling Flash           Conj/Hex       0%         N/A       99%         3
 Ignite Poison            Fire/Tmut/Pois 0%         N/A       99%         3
 Inner Flame              Hex/Fire       0%         N/A       99%         3
 Volatile Blastmotes      Fire/Tloc      0%         2d10      99%         3
 Dispel Undead            Necr           0%         3d6       100%        4
 Flame Wave               Conj/Fire      0%         2d4       100%        4
 Manifold Assault         Tloc           0%         N/A       100%        4
 Passage of Golubria      Tloc           0%         N/A       100%        4
 Sticky Flame             Conj/Fire      0%         2d3       100%        4
 Fireball                 Conj/Fire      0%         3d3       100%        5
 Freezing Cloud           Conj/Ice/Air   0%         6-21      100%        5
 Iskenderun's Battlesphe  Conj           0%         2d6       100%        5
 Yara's Violent Unravell  Hex/Tmut       0%         3d3       100%        5
 Leda's Unmaking          Conj/Erth      0%         9d1       100%        6
 Starburst                Conj/Fire      0%         6d3       100%        6
 Orb of Destruction       Conj           0%         9d5       100%        7
 Ignition                 Fire           0%         3d3       100%        8
 Maxwell's Capacitive Co  Air            0%         ∞         100%        8
 Summon Guardian Golem    Hex/Summ       Unusable   N/A       N/A         3
 Tukima's Dance           Hex            Unusable   N/A       N/A         3
 Death Channel            Necr           Unusable   N/A       N/A         6
 Summon Cactus Giant      Summ           Unusable   N/A       N/A         6
 Spellforged Servitor     Conj/Summ      Unusable   N/A       N/A         7

Dungeon Overview and Level Annotations

Branches:
Dungeon (15/15)            Temple (1/1) D:4            Lair (5/5) D:11
 Shoals (1/4) Lair:2       Spider (2/4) Lair:2        Slime (1/5) Lair:5
    Orc (2/2) D:12            Elf (2/3) Orc:2        Vaults (0/5) D:14
 Depths (0/4) D:15          Sewer (visited)         Ossuary (visited)

Altars:
Ashenzari
Cheibriados
Dithmenos
Elyvilon
Fedhas
Gozag
Hepliaklqana
Kikubaaqudgha
Makhleb
Nemelex Xobeh
Okawaru
Qazlal
Ru
Sif Muna
Trog
Uskayaw
Vehumet
Wu Jian
Xom
Yredelemnul
Zin
The Shining One

Shops:
D:8 :   D:11 *   D:13 (   Orc:2 (***   Elf:1 :   Shoals:1 !

Portals:
Trove: D:14 (give 4 potions of resistance)

Annotations:
Lair:5 exclusion: obsidian statue
Elf:1 1 runed translucent door


Innate Abilities, Weirdness & Mutations

You have a pair of horns on your head.
You reflexively headbutt those who attack you in melee.


Message History

You are poisoned.
You feel better.
The small abomination hits you but does no damage.
You block the reaper's attack. The small abomination hits you!
* * * LOW HITPOINT WARNING * * *
The small abomination attacks as you move away!
The small abomination hits you but does no damage.
You slash the small abomination!
The small abomination convulses.
Your headbutt misses the small abomination.
The small abomination is almost destroyed.
The small abomination hits you.
* * * LOW HITPOINT WARNING * * *
You slice the small abomination!!
You destroy the small abomination!
Okawaru accepts your kill. You block the reaper's attack.
You block the reaper's attack.
You hit the reaper but do no damage. Your headbutt misses the reaper.
You slash the reaper!
The reaper convulses!
The reaper is moderately wounded.
The reaper hits you with a +0 scythe of venom.
* * * LOW HITPOINT WARNING * * *
You gain the combat prowess of a mighty hero.
The reaper hits you but does no damage.
You are poisoned.
You hit the reaper but do no damage. You headbutt the reaper.
The reaper is moderately wounded.
You feel sick. You block the reaper's attack.
You hit the reaper but do no damage. Your headbutt misses the reaper.
The reaper is moderately wounded.
You hit the reaper but do no damage.
The reaper is moderately wounded.
You feel sick.
The reaper hits you with a +0 scythe of venom!!
* * * LOW HITPOINT WARNING * * *
You are more poisoned.
You hit the reaper but do no damage.
The reaper is moderately wounded.
You die...

#### # #...# .#
#... ... .#..
.#.. ##..### ..##
#§# #.....#..##.#
.....#.##@.....#
..#....2#.#..#.#
##..##.#.#......#
#....##....###
#.....# ######
..#.. # #####. ##
#. .#


You could see a reaper.

Vanquished Creatures
  Nikola (Shoals:1)
  A bone dragon (Abyss:3)
  Rupert (Lair:3)
  A deep elf blademaster (Arena)
  A lich (Abyss:3)
  Kirke (Elf:1)
  A deep elf sorcerer (Elf:1)
  A ghost moth (Spider:2)
  5 emperor scorpions
  A formless jellyfish (Lair:5)
  A broodmother (Spider:1)
  4 dire elephants (Lair:5)
  Azrael (Elf:2)
  A deep elf annihilator (Elf:1)
  A spark wasp (Spider:2)
  The ghost of randomguy2701 the Cleaver, a journeyman MiFi of Okawaru (D:11)
  2 ettins
  Snorg (Lair:3)
  A merfolk javelineer (Shoals:1)
  Josephine (Lair:3)
  A deep elf high priest (Elf:1)
  2 jorogumos (Spider:1)
  4 hydras
  3 merfolk avatars (Shoals:1)
  A catoblepas (D:14)
  4 centaur warriors
  A radroach (Spider:2)
  4 ogre magi (Orc:2)
  3 boulder beetles
  25 two-headed ogres
  6 death yaks (Lair:5)
  6 dancing weapons
  3 tengu warriors
  Urug (D:11)
  7 demonic crawlers
  A thrashing horror (Abyss:3)
  5 deep elf knights
  4 skysharks
  A wretched star (Abyss:3)
  A pharaoh ant (Spider:1)
  2 spectral death yaks (Lair:5)
  3 sea snakes (Shoals:1)
  A sun moth (Spider:1)
  6 orb spiders
  A spectral anaconda (Lair:5)
  A swamp dragon (D:10)
  4 orc knights
  A lindwurm (Lair:5)
  5 necromancers
  7 deep elf archers
  3 steelbarb worms
  22 deep elf pyromancers
  6 ugly things
  18 harpies (Shoals:1)
  17 wolf spiders
  An orc sorcerer (Elf:2)
  17 deep elf zephyrmancers
  9 cyclopes
  4 oklob plants (Lair:1)
  11 fauns (Shoals:1)
  4 manticores
  3 moths of wrath (Spider:2)
  3 merfolk sirens
  7 elephants
  6 black mambas
  A water nymph (Shoals:1)
  2 molten gargoyles (Lair:4)
  3 torpor snails
  5 gargoyles
  14 cane toads
  The ghost of mdonais the Trooper, a novice OpSh (D:5)
  Psyche (D:10)
  A rime drake (Lair:3)
  10 komodo dragons
  A yaktaur (D:15)
  2 ice devils (D:11)
  2 kobold demonologists (D:11)
  2 freezing wraiths
  3 trolls
  2 ancient zymes (Abyss:3)
  The ghost of lovewater the Ruffian, an amateur TrGl (D:3)
  A tengu conjurer (D:14)
  A wind drake (Shoals:1)
  6 merfolk
  4 hornets
  The ghost of Jase the Ruffian, an amateur DrSh of Gozag (D:4)
  3 meliai (Spider:1)
  A hellwing (Abyss:3)
  3 tarantellas (Spider:1)
  26 blink frogs
  3 snapping turtles (Shoals:1)
  A harpy skeleton (Abyss:3)
  5 slime creatures (D:12)
  The ghost of LeprechaunX the Insei, an amateur OpSh of Hepliaklqana (D:3)
  6 jumping spiders
  9 culicivoras
  2 wyverns
  3 water elementals
  2 air elementals (Elf:2)
  60 yaks
  A spriggan (Lair:4)
  A shadow (D:11)
  2 vampires
  9 wraiths
  3 fire elementals
  7 basilisks
  A basilisk (shapeshifter) (D:15)
  2 hogs (Elf:1)
  5 humans (Elf:1)
  11 redbacks
  The ghost of HeavyMetall the Ruffian, an amateur DrSh (D:4)
  8 vampire mosquitoes
  5 steam dragons
  3 small abominations (Abyss:3)
  3 wargs (Orc:2)
  A spectral cane toad (Lair:5)
  2 acid dragons (D:10)
  6 hell hounds
  11 water moccasins
  Pargi (Sewer)
  19 orc warriors
  4 black bears
  A sky beast (shapeshifter) (Abyss:3)
  An ice beast (D:4)
  28 ogres
  6 wolves (Lair:1)
  10 centaurs
  The ghost of LustLizard the Insei, an amateur OpSh (D:3)
  2 phantoms (D:5)
  3 kobold brigands
  16 bullfrogs
  4 scorpions
  3 cane toad simulacra (Lair:5)
  5 water moccasin zombies (Ossuary)
  11 wights
  29 killer bees
  4 jellies
  An elephant simulacrum (Lair:5)
  2 electric eels
  7 howler monkeys
  5 lava snakes (Lair:4)
  A quasit (Abyss:3)
  5 hounds
  Crazy Yiuf (D:7)
  18 orc priests
  3 starcursed masses (Abyss:3)
  3 gnoll boudas
  3 iguanas (D:6)
  2 sleepcaps
  9 orc wizards
  5 hell rats (Lair:1)
  2 mummies (Ossuary)
  4 gnolls (D:7)
  5 adders
  2 river rats (D:6)
  2 shadow imps (D:6)
  3 ufetubi (D:6)
  8 adder zombies (Ossuary)
  2 worms (D:6)
  2 dart slugs
  43 orcs
  7 ball pythons
  3 bats
  4 endoplasms
  2 gnoll zombies (Ossuary)
  6 hobgoblins
  6 jackals
  13 kobolds
  3 quokkas (D:2)
  5 frilled lizards
  9 goblins
  4 hobgoblin zombies (Ossuary)
  5 kobold zombies (Ossuary)
  4 orc zombies (Ossuary)
  8 rats
909 creatures vanquished.

Vanquished Creatures (others)
  A deep elf knight (Elf:2)
  6 starspawn tentacles (Abyss:3)
7 creatures vanquished.

Grand Total: 916 creatures vanquished

Notes
Turn   | Place    | Note
-------+----------+-------------------------------------------
     0 | D:1      | randomguy2701 the Minotaur Fighter began the quest for the
                  | Orb.
     0 | D:1      | Reached XP level 1. HP: 19/19 MP: 0/0
   401 | D:1      | Reached XP level 2. HP: 26/27 MP: 1/1
   810 | D:1      | Found a faded altar of an unknown god.
  1223 | D:2      | Reached XP level 3. HP: 32/32 MP: 2/2
  1778 | D:3      | Found a runed translucent gate.
  1780 | D:3      | Found a runed translucent gate.
  1781 | D:3      | Found a runed translucent gate.
  1782 | D:3      | Noticed lovewater's ghost (amateur TrGl)
  1782 | D:3      | Noticed LustLizard's ghost (amateur OpSh)
  1782 | D:3      | Noticed LeprechaunX's ghost (amateur OpSh)
  2357 | D:4      | Reached XP level 4. HP: 31/40 MP: 3/3
  2408 | D:4      | Noticed an ice beast
  2491 | D:4      | Reached skill level 4 in Fighting
  2520 | D:4      | Noticed a scorpion
  2521 | D:4      | Found a staircase to the Ecumenical Temple.
  2527 | D:4      | Killed a scorpion
  2528 | D:4      | Reached skill level 5 in Armour
  2528 | D:4      | Reached XP level 5. HP: 40/46 MP: 4/4
  2536 | Temple   | Entered the Ecumenical Temple
  2553 | Temple   | Became a worshipper of Warmaster Okawaru
  2576 | D:4      | Reached skill level 1 in Dodging
  2638 | D:4      | Killed an ice beast
  2639 | D:4      | Reached skill level 5 in Long Blades
  2639 | D:4      | Reached XP level 6. HP: 30/53 MP: 5/5
  3453 | D:4      | Found a runed translucent gate.
  3454 | D:4      | Found a runed translucent gate.
  3454 | D:4      | Found a runed translucent gate.
  3457 | D:4      | Noticed HeavyMetall's ghost (amateur DrSh)
  3457 | D:4      | Noticed Jase's ghost (amateur DrSh)
  3823 | D:5      | Entered Level 5 of the Dungeon
  3852 | D:5      | Reached * piety under Okawaru
  3853 | D:5      | Reached XP level 7. HP: 54/60 MP: 6/6
  4020 | D:5      | Found a shimmering blue altar of Sif Muna.
  4099 | D:5      | Identified the +5 plate armour "Gaguaxt" {rF+ Will+}
  4122 | D:5      | Reached skill level 1 in Invocations
  4174 | D:5      | Reached skill level 5 in Fighting
  4336 | D:5      | Reached XP level 8. HP: 61/68 MP: 8/8
  4356 | D:5      | Reached ** piety under Okawaru
  4577 | D:5      | Reached skill level 5 in Shields
  4585 | D:5      | Found a runed translucent door.
  4609 | D:5      | Noticed mdonais's ghost (novice OpSh)
  5063 | D:6      | Found a glowing drain.
  5070 | Sewer    | Entered a sewer
  5127 | Sewer    | Noticed Pargi
  5147 | Sewer    | Killed Pargi
  5481 | D:6      | Reached XP level 9. HP: 72/75 MP: 10/10
  5695 | D:6      | Reached *** piety under Okawaru
  5703 | D:6      | Reached skill level 6 in Fighting
  6360 | D:7      | Reached skill level 10 in Long Blades
  6376 | D:7      | Reached skill level 7 in Fighting
  6379 | D:7      | Reached **** piety under Okawaru
  6453 | D:7      | Found a runed translucent door.
  6454 | D:7      | Noticed Crazy Yiuf
  6502 | D:7      | Reached skill level 5 in Invocations
  7256 | D:3      | Killed lovewater's ghost
  7260 | D:3      | Killed LeprechaunX's ghost
  7261 | D:3      | Reached XP level 10. HP: 86/86 MP: 4/13
  7266 | D:3      | Killed LustLizard's ghost
  7748 | D:4      | Killed HeavyMetall's ghost
  7766 | D:4      | Killed Jase's ghost
  8105 | D:5      | Killed mdonais's ghost
  8322 | D:7      | Killed Crazy Yiuf
  8326 | D:7      | Identified the +1 hammer "Arcanum" {flame, rN+}
  8404 | D:7      | Reached ***** piety under Okawaru
  8413 | D:7      | Paralysed by a hornet for 3 turns
  8573 | D:8      | Found Igaisir's Tiny Tomes.
  8637 | D:8      | Reached skill level 8 in Fighting
  8708 | D:8      | Found a sand-covered staircase.
  8743 | Ossuary  | Entered an ossuary
  9214 | D:8      | Reached skill level 10 in Armour
 10026 | D:9      | Reached XP level 11. HP: 57/93 MP: 15/15
 10245 | D:9      | Found a shadowy altar of Dithmenos.
 10518 | D:10     | Entered Level 10 of the Dungeon
 10538 | D:10     | Noticed Psyche
 10550 | D:10     | Killed Psyche
 10550 | D:10     | Received a gift from Okawaru
 10784 | D:10     | Paralysed by a hornet for 1 turns
 10786 | D:10     | Noticed a two-headed ogre
 10796 | D:10     | Killed a two-headed ogre
 10797 | D:10     | Reached skill level 9 in Fighting
 10826 | D:10     | Noticed an orc knight
 10924 | D:10     | Killed an orc knight
 11010 | D:10     | Noticed a wolf spider
 11043 | D:10     | Killed a wolf spider
 11199 | D:10     | Identified the +4 falchion of Mucviph {holy, Dex+8}
                  | (Okawaru gifted it to you on level 10 of the Dungeon)
 11199 | D:10     | Received a gift from Okawaru
 11230 | D:10     | Noticed a swamp dragon
 11247 | D:10     | Found the amulet of Vitality {RegenMP++ Regen++}
 11255 | D:10     | Got the Omnibus of Damage
 11299 | D:10     | Killed a swamp dragon
 11426 | D:10     | Noticed a two-headed ogre
 11435 | D:10     | Killed a two-headed ogre
 11705 | D:10     | Found a sacrificial altar of Ru.
 11874 | D:10     | Reached XP level 12. HP: 106/106 MP: 17/17
 11987 | D:11     | Found a gate leading to a gauntlet.
 12078 | D:11     | Found Herghoos's Pet Rocks.
 12155 | D:11     | Found a runed translucent door.
 12157 | D:11     | Noticed randomguy2701's ghost (journeyman MiFi)
 12186 | D:11     | Found a staircase to the Lair.
 12270 | D:11     | Reached skill level 10 in Fighting
 12393 | D:11     | Noticed Urug
 12423 | D:11     | Killed Urug
 12640 | D:11     | Noticed a two-headed ogre
 12649 | D:11     | Killed a two-headed ogre
 13173 | Lair:1   | Entered Level 1 of the Lair of Beasts
 13184 | Lair:1   | Received a gift from Okawaru
 13883 | Lair:1   | Reached skill level 11 in Fighting
 14036 | Lair:1   | Reached skill level 1 in Evocations
 14118 | Lair:2   | Reached ****** piety under Okawaru
 14358 | Lair:2   | Reached XP level 13. HP: 110/116 MP: 18/18
 14373 | Lair:2   | Identified the +0 pair of gloves of Iqamaot {rElec Int+5}
                  | (Okawaru gifted it to you on level 2 of the Lair of Beasts)
 14373 | Lair:2   | Received a gift from Okawaru
 14572 | Lair:2   | Reached skill level 15 in Long Blades
 14853 | Lair:2   | Found a hole to the Spider Nest.
 15032 | Lair:2   | Found a staircase to the Shoals.
 15534 | Lair:3   | Reached skill level 10 in Shields
 15567 | Lair:3   | Noticed Josephine
 15580 | Lair:3   | Killed Josephine
 15666 | Lair:3   | Noticed Snorg
 15686 | Lair:3   | Killed Snorg
 15709 | Lair:3   | Reached skill level 12 in Fighting
 15906 | Lair:3   | Found an ornate altar of the Wu Jian Council.
 15910 | Lair:3   | Noticed Rupert
 15916 | Lair:3   | Paralysed by Rupert for 3 turns
 15924 | Lair:3   | Paralysed by Rupert for 3 turns
 15947 | Lair:3   | Killed Rupert
 15948 | Lair:3   | Reached skill level 5 in Evocations
 16122 | Lair:3   | Received a gift from Okawaru
 16668 | Lair:4   | Identified the +4 robe "Gepramp" {rElec rF- Will- rCorr}
                  | (Okawaru gifted it to you on level 4 of the Lair of Beasts)
 16668 | Lair:4   | Received a gift from Okawaru
 17097 | Lair:4   | Reached XP level 14. HP: 47/127 MP: 19/19
 17629 | Lair:5   | Entered Level 5 of the Lair of Beasts
 18031 | Lair:5   | Found a staircase to the Slime Pits.
 18111 | Lair:5   | Reached skill level 13 in Fighting
 18929 | Lair:5   | Identified the +6 orcbow of Law {freeze, rElec Will+ Dex-2}
 18966 | Lair:5   | Identified the -2 pair of gloves of Riskoumn {Will+ MP+9}
                  | (Okawaru gifted it to you on level 5 of the Lair of Beasts)
 18966 | Lair:5   | Received a gift from Okawaru
 19530 | Shoals:1 | Entered Level 1 of the Shoals
 19548 | Shoals:1 | Found Etumehy's Distillery.
 19949 | Shoals:1 | Reached skill level 14 in Fighting
 20021 | Shoals:1 | Reached XP level 15. HP: 123/138 MP: 21/21
 20483 | Abyss:2  | Cast into level 2 of the Abyss (merfolk impaler)
 20505 | Shoals:1 | Escaped the Abyss
 20694 | Shoals:1 | Reached skill level 1 in Ranged Weapons
 21238 | Shoals:1 | Noticed Nikola
 21311 | Shoals:1 | Killed Nikola
 21441 | Shoals:1 | Reached skill level 5 in Ranged Weapons
 21652 | Slime:1  | Entered Level 1 of the Pits of Slime
 21655 | Slime:1  | Noticed an acid blob
 21662 | Lair:5   | Paralysed by a formless jellyfish for 1 turns
 21673 | Lair:5   | Paralysed by a formless jellyfish for 1 turns
 21769 | Spider:1 | Entered Level 1 of the Spider Nest
 21821 | Spider:1 | Received a gift from Okawaru
 21841 | Spider:1 | Reached skill level 15 in Armour
 21863 | Spider:1 | Noticed an emperor scorpion
 21884 | Spider:1 | Killed an emperor scorpion
 22257 | Spider:1 | Identified a scroll of acquirement
 22263 | Spider:1 | Acquired a manual of Fighting
 22559 | Spider:1 | Reached skill level 15 in Fighting
 22635 | Spider:1 | Noticed an emperor scorpion
 22658 | Spider:1 | Killed an emperor scorpion
 22942 | Spider:2 | Noticed an emperor scorpion
 22943 | Spider:2 | Noticed an emperor scorpion
 22974 | Spider:1 | Killed an emperor scorpion
 23050 | Spider:2 | Received a gift from Okawaru
 23104 | Spider:2 | Identified the ring "Jinuiweo" {Dex+2 SInv}
 23113 | Spider:2 | Reached skill level 16 in Fighting
 23172 | Spider:2 | Reached XP level 16. HP: 90/151 MP: 22/22
 23595 | Spider:2 | Reached skill level 15 in Shields
 24150 | Lair:1   | Received a gift from Okawaru
 24163 | Lair:1   | Identified the +0 cloak of Pududder {*Slow Will+++ Str-5
                  | SInv}
 24405 | D:11     | Killed randomguy2701's ghost
 24481 | D:11     | Reached skill level 17 in Fighting
 24709 | D:12     | Found a staircase to the Orcish Mines.
 25195 | D:13     | Identified the +4 demon whip of Sudden Death {elec, rPois
                  | Str+4 Int+2} (Okawaru gifted it to you on level 13 of the
                  | Dungeon)
 25195 | D:13     | Received a gift from Okawaru
 25514 | D:13     | Found Zep Wul's Weapon Boutique.
 26087 | D:14     | Reached skill level 18 in Fighting
 26160 | D:14     | Found a gate to the Vaults.
 26240 | D:14     | Found a portal to a secret trove of treasure.
 26388 | D:15     | Entered Level 15 of the Dungeon
 26662 | D:15     | Found a staircase to the Depths.
 26698 | D:15     | Identified the -2 pair of boots of Foolhardiness {Harm
                  | Regen+ Str-3 Stlth+} (Okawaru gifted it to you on level 15
                  | of the Dungeon)
 26698 | D:15     | Received a gift from Okawaru
 27065 | D:15     | Found an iron altar of Okawaru.
 27416 | Orc:1    | Entered Level 1 of the Orcish Mines
 27459 | Orc:2    | Entered Level 2 of the Orcish Mines
 27707 | Orc:2    | Reached skill level 19 in Fighting
 27793 | Orc:2    | Reached XP level 17. HP: 115/168 MP: 23/23
 28110 | Orc:2    | Found a staircase to the Elven Halls.
 28328 | Orc:2    | Reached skill level 20 in Fighting
 28330 | Orc:2    | Found Kynutaor's General Store.
 28330 | Orc:2    | Found Dicitz's General Store.
 28331 | Orc:2    | Found Wasiud's Antique Weapon Emporium.
 28331 | Orc:2    | Found Uttonuet's General Store.
 28545 | Elf:1    | Entered Level 1 of the Elven Halls
 28545 | Elf:1    | Found a runed translucent gate.
 28545 | Elf:1    | Found a runed translucent gate.
 28545 | Elf:1    | Found a runed translucent gate.
 28545 | Elf:1    | Found a runed translucent gate.
 28545 | Elf:1    | Found a runed translucent gate.
 28545 | Elf:1    | Found a runed translucent gate.
 28549 | Elf:1    | Found a runed translucent door.
 28562 | Elf:1    | Found a runed translucent door.
 28623 | Elf:1    | Identified the +5 hand axe of Falis {protect, *Rage Fly rN+
                  | SInv}
 28801 | Elf:1    | Found a shimmering altar of Xom.
 28836 | Elf:1    | Noticed Kirke
 28852 | Elf:1    | Reached skill level 5 in Dodging
 28860 | Elf:1    | Killed Kirke
 28860 | Elf:1    | Received a gift from Okawaru
 28923 | Elf:1    | Found Keudubav's Book Boutique.
 29025 | Elf:1    | Reached skill level 21 in Fighting
 29619 | Elf:2    | Noticed Azrael
 29630 | Elf:2    | Killed Azrael
 30333 | Elf:2    | Found a runed translucent gate.
 30333 | Elf:2    | Found a runed translucent gate.
 30333 | Elf:2    | Found a runed translucent gate.
 30354 | Elf:2    | Noticed a deep elf blademaster
 30357 | Arena    | Entered the Arena
 30372 | Arena    | Killed a deep elf blademaster
 30399 | Abyss:3  | Cast into level 3 of the Abyss (+4 war axe of distortion)
 30455 | Abyss:3  | Noticed a lich
 30506 | Abyss:3  | Killed a lich
 30510 | Abyss:3  | Noticed a bone dragon
 30550 | Abyss:3  | Killed a bone dragon
 30594 | Abyss:3  | Paralysed by accursed screaming for 1 turns
 30607 | Abyss:3  | Paralysed by accursed screaming for 1 turns
 30617 | Abyss:3  | Paralysed by accursed screaming for 1 turns
 30756 | Abyss:3  | HP: 1/174 [reaper/+0 scythe of venom (24)]
 30757 | Abyss:3  | Succumbed to a reaper's poison

Illustrated notes

Levels and vault maps discovered:
D:1:      sevenhm_arrival_forest_fort_small_5, layout_basic,
          dilly_ecumenical_altar_fadedgnrine
D:2:      layout_loops_ring, serial_glass, glass_columns_b, glass_columns_b,
          glass_columns_a, glass_columns_a
D:3:      layout_basic, gammafunk_ghost_cemetery, hangedman_decor_growths
D:4:      layout_basic, minmay_temple_entry_arrows, gammafunk_ghost_cemetery
D:5:      nicolae_cairo_tiling_large, layout_gridville,
          nicolae_sif_muna_little_library, gammafunk_ghost_grave
D:6:      cheibrodos_barr_body, layout_loops_ring, gup_sewer_entry_bubbles,
          solitary_fountain
D:7:      layout_gridville, uniq_crazy_yiuf_cottage
D:8:      layout_loops_corners, enter_ossuary_3, st_stairs_11,
          nicolae_shop_i_like_small_books_too
D:9:      layout_irregular_city, kennysheep_little_box
D:10:     minmay_the_grid_3x3 [minmay_the_grid_dragon_a,
          minmay_the_grid_minigrid_small_alt, minmay_the_grid_minigrid_medium,
          minmay_the_grid_spin_star, minmay_the_grid_embedded,
          minmay_the_grid_plusring, minmay_the_grid_small_cups,
          minmay_the_grid_garden, minmay_the_grid_prize_diamond_cup],
          layout_basic, nicolae_ru_awakened_eye, uniq_psyche
D:11:     layout_stronghold, grunt_lair_entry_orc_guard_hut,
          hellmonk_ghost_happy_afterlife, portal_ice_cave_demonic_guard,
          gauntlet_entry_generic, guppyfry_shop_earth, uniq_urug
D:12:     layout_roguey, orc_0_dummy
D:13:     layout_basic, serial_shops, nicolae_shop_bloodbath_and_beyond
D:14:     layout_big_octagon, hellmonk_vaults_attempted_burglary,
          hangedman_decor_diamond_cutter, nicolae_trove_entry_crystal
D:15:     hangedman_depths_entry_civil_slaughter, layout_gridville,
          hellmonk_okawaru_the_only_friend_you_need
Temple:   nicolae_temple_bog_church
Lair:1:   minmay_lair_oklob_chamber, layout_cave_pods
Lair:2:   layout_hall_layers, elwin_shoals_entry_stream,
          spider_nest_entry_rubble, grunt_megastairs_5
Lair:3:   layout_cave_pods, basic_altar, hangedman_lair_generics_rect,
          grunt_megastairs_4, lemuel_fruit_tree, uniq_rupert, uniq_snorg,
          uniq_josephine
Lair:4:   cheibrodos_magma_flow, layout_regular_city, minivault_26,
          chequers_serial_rivers_marsh, grunt_forest_large_clearings
Lair:5:   due_jungle_book, layout_layer_cave, slime_entry_1
Shoals:1: layout_shoals, nicolae_shoals_c_island, uniq_nikola
Spider:1: layout_spider_delve, nicolae_spider_orb_run
Spider:2: layout_spider_delve
Slime:1:  layout_caves
Orc:1:    layout_diamond_mine, serial_shops, shop, nicolae_shop_gaudy_bauble,
          nicolae_lakefront_shop, shop, special_room [special_room_orc],
          nicolae_orc_bridge_out
Orc:2:    st_orc_ogre_mass, layout_caves, hellmonk_guarded_unrand_dark_maul
Elf:1:    nicolae_elf_arrival_dilemma, layout_loops_ring, basic_altar,
          serial_shops, shop, minmay_elf_demonology, abandoned_shop,
          chequers_hall_statues_wall_a, uniq_kirke
Elf:2:    elven_hall_of_blades_hangedman_original [mumra_blade_entry_dagger],
          layout_loops_corners, st_stairs_4, uniq_azrael
Abyss:3:  base: Crypt:1, evilmike_abyss_exit_8

Skill      XL: |  1  2  3  4  5  6  7  8  9 10 11 12 13 14 15 16 17 |
---------------+----------------------------------------------------+-----
Shields        | 4 5 6 8 9 11 13 14 16 17 | 17.6
Armour         | 4 5 6 8 9 10 11 12 13 14 15 16 17 | 17.1
Long Blades    | 3 4 5 6 7 8 10 12 14 15 16 17 18 | 18.2
Fighting       | 4 5 7 8 9 11 12 14 16 19 21 | 21.6
Dodging        | 1 2 3 4 5 |  5.3
Invocations    | 2 3 5 6 8 9 |  9.6
Evocations     | 3 5 7 |  7.4
Ranged Weapons | 7 |  7.3
Stealth        | |  0.3

Action                     |  1- 3 |  4- 6 |  7- 9 | 10-12 | 13-15 | 16-18 || total
---------------------------+-------+-------+-------+-------+-------+-------++-------
  Melee: Long sword        |   106 |    79 |   463 |   632 |       |       ||  1280
         Headbutt          |     6 |    16 |    83 |   260 |   547 |   518 ||  1430
         Falchion          |       |       |       |   407 |  1693 |  1507 ||  3607
   Fire: Orcbow            |       |       |       |       |   127 |       ||   127
         Longbow           |       |       |       |       |    21 |    27 ||    48
 Invoke: Heroism           |       |       |     1 |     9 |    16 |    16 ||    42
         Finesse           |       |       |     1 |     2 |     8 |     1 ||    12
         Duel              |       |       |       |       |       |     1 ||     1
  Evoke: Wand              |       |     6 |     2 |    28 |     1 |       ||    37
    Use: Scroll            |       |       |     9 |       |    19 |     3 ||    31
         Potion            |       |       |       |     2 |    15 |     6 ||    23
 Armour: Scale mail        |    46 |    27 |     4 |       |       |       ||    77
         Plate armour      |       |       |   323 |   630 |  1272 |   701 ||  2926
  Dodge: Dodged            |    50 |    42 |   172 |   347 |   741 |   553 ||  1905
  Block: Buckler           |    22 |    14 |   131 |   253 |   778 |   810 ||  2008

Table legend: (Time is in decaauts)
 A = Elapsed time spent in this place.
 B = Non-inter-level travel time spent in this place.
 C = Inter-level travel time spent in this place.
 D = Time resting spent in this place.
 E = Time spent auto-exploring this place.
 F = Levels seen in this place.
 G = Mean time per level.
                   A        B        C        D        E       F      G
               +--------+--------+--------+--------+--------+-----+--------+
         Total |  29392 |  25759 |   3633 |    882 |  17235 |  34 |  864.5 |
       Dungeon |  15593 |  13079 |   2514 |      2 |  10341 |  15 | 1039.5 |
        Temple |     34 |      1 |     33 |      0 |      0 |   1 |   34.0 |
          Lair |   6670 |   5841 |    829 |    201 |   4086 |   5 | 1334.0 |
        Shoals |   1842 |   1801 |     41 |    273 |    466 |   1 | 1842.0 |
   Spider Nest |   1839 |   1726 |    113 |    206 |    635 |   2 |  919.5 |
    Slime Pits |      8 |      8 |      0 |      0 |      0 |   1 |    8.0 |
  Orcish Mines |   1007 |    929 |     78 |     11 |    557 |   2 |  503.5 |
   Elven Halls |   1660 |   1639 |     21 |    135 |    960 |   2 |  830.0 |
         Abyss |    337 |    337 |      0 |     54 |     13 |   2 |  168.5 |
         Sewer |    177 |    177 |      0 |      0 |     80 |   1 |  177.0 |
       Ossuary |    194 |    194 |      0 |      0 |     78 |   1 |  194.0 |
         Arena |     24 |     24 |      0 |      0 |     17 |   1 |   24.0 |
               +--------+--------+--------+--------+--------+-----+--------+

Top non-repeatable levels by time:
     D:4: 2027 daAuts
Shoals:1: 1842 daAuts
  Lair:5: 1777 daAuts
  Lair:3: 1494 daAuts
     D:5: 1302 daAuts
    D:10: 1288 daAuts
  Lair:2: 1224 daAuts
Spider:1: 1187 daAuts
    D:11: 1163 daAuts
  Lair:4: 1137 daAuts
     D:7: 1125 daAuts
     D:6: 1091 daAuts
     D:8: 1066 daAuts
  Lair:1: 1037 daAuts
     D:3: 1027 daAuts
